 Dungeon Crawl Stone Soup version 0.29-a0-380-gf50f0a9fbc (webtiles) character file.

Game seed: 9542618651098331474

4 lesaewzxc the Stinger (level 1, 0/13 HPs)
             Began as a Merfolk Venom Mage on May 5, 2022.
             Frozen to death by an endoplasm (2 damage)
             ... on level 1 of the Dungeon.
             The game lasted 00:01:40 (152 turns).

lesaewzxc the Stinger (Merfolk Venom Mage)           Turns: 152, Time: 00:01:42

Health: 0/13       AC:  2    Str:  8    XL:     1   Next: 60%
Magic:  2/3        EV: 12    Int: 14    God:
Gold:   6          SH:  0    Dex: 14    Spells: 3/4 levels left

rFire   . . .      SeeInvis .   (no weapon)
rCold   . . .      Faith    .   (no shield)
rNeg    . . .      Spirit   .   a - +0 robe
rPois   .          Reflect  .   (no helmet)
rElec   .          Harm     .   (no cloak)
rCorr   .          Rampage  .   (no gloves)
Will    .....                   (no boots)
Stlth   ++........              (no amulet)
HPRegen 0.04/turn               (no ring)
MPRegen 0.08/turn               (no ring)

@: no status effects
A: (nimble swimmer 2), mertail
a: no special abilities


You were on level 1 of the Dungeon.
You visited 1 branch of the dungeon, and saw 1 of its levels.

You collected 6 gold pieces.

Inventory:

Armour
 a - a +0 robe (worn)
Scrolls
 d - a scroll of magic mapping {unknown}
 e - a scroll of identify {unknown}
Potions
 b - a potion of magic
 c - a potion of lignification {unknown}


   Skills:
 + Level 2.8 Dodging
 + Level 2.3 Stealth
 + Level 2.0 Spellcasting
 + Level 1.5 Transmutations
 + Level 3.3 Poison Magic


You had 3 spell levels left.
You knew the following spells:

 Your Spells              Type           Power      Damage    Failure   Level
a - Sting                 Tmut/Pois      32%        1d4       9%          1

Your spell library contained the following spells:

 Spells                   Type           Power      Damage    Failure   Level
 Poisonous Vapours        Pois/Air       12%        N/A       19%         2
 Mephitic Cloud           Conj/Pois/Air  4%         N/A       41%         3
 Olgreb's Toxic Radiance  Pois           10%        N/A       52%         4


Dungeon Overview and Level Annotations

Branches:
Dungeon (1/15)

Altars:


Innate Abilities, Weirdness & Mutations

((You are very nimble when in or above water. (Stealth+, EV+, Speed+++)))
Your lower body shifts to a powerful aquatic tail in water.


Message History

Your weapon can't reach that far!
Okay, then.
Found 3 gold pieces and a chain mail.
The endoplasm quivers.
The endoplasm freezes you.
You are frozen.
Attack: -) Nothing wielded
Press: ? - help, Dir - move target, f - endoplasm
Aim: an endoplasm (about 15% to evade your hands)
You hit the endoplasm but do no damage. The endoplasm freezes you.
You are frozen.
The endoplasm attacks as you move away! The endoplasm closely misses you.
Attack: -) Nothing wielded
Press: ? - help, Dir - move target, f/p - endoplasm
Aim: an endoplasm (about 15% to evade your hands)
You hit the endoplasm but do no damage. The endoplasm freezes you.
You are frozen.
* * * LOW HITPOINT WARNING * * *
Unknown command.
Attack: -) Nothing wielded
Press: ? - help, Dir - move target, f/p - endoplasm
Aim: an endoplasm (about 15% to evade your hands)
You hit the endoplasm but do no damage. The endoplasm closely misses you.
Unknown command.
Attack: -) Nothing wielded
Press: ? - help, Dir - move target, f/p - endoplasm
Aim: an endoplasm (about 15% to evade your hands)
You hit the endoplasm but do no damage. The endoplasm hits you.
* * * LOW HITPOINT WARNING * * *
Unknown command.
Attack: -) Nothing wielded
Press: ? - help, Dir - move target, f/p - endoplasm
Aim: an endoplasm (about 15% to evade your hands)
You hit the endoplasm.
The endoplasm is lightly wounded.
The endoplasm freezes you.
You are frozen.
You die...

##.#.#.#########
#....#.#...#....
#....#.#.#.#.#.#
#####....#.....#[...
#...#....#.......###
#...#...##.#.###.#..
#...'......#.###.#.#
#.....#.#...####.#.†.#.#
#.### #@#...##...###....
#J######...# #....
#........#...# #.#.#
#........#...# #.#.#
#.$..$...###.# #.#.#
#........# #.# #.#..
#[.......# #.###.###
+........# #........
#........# ####.####


You could see an endoplasm.

Vanquished Creatures
  A ball python (D:1)
  A giant cockroach (D:1)
  A goblin (D:1)
3 creatures vanquished.

Notes
Turn   | Place    | Note
-------+----------+-------------------------------------------
     0 | D:1      | lesaewzxc the Merfolk Venom Mage began the quest for the
                  | Orb.
     0 | D:1      | Reached XP level 1. HP: 13/13 MP: 3/3
   152 | D:1      | Frozen to death by an endoplasm

Illustrated notes

Levels and vault maps discovered:
D:1:      dpeg_arrival_long_road, layout_basic

Action                   || total
-------------------------++-------
Melee: Unarmed           ||     6
 Cast: Sting             ||     3
  Use: Potion            ||     1
Dodge: Dodged            ||     3

Table legend: (Time is in decaauts)
 A = Elapsed time spent in this place.
 B = Non-inter-level travel time spent in this place.
 C = Inter-level travel time spent in this place.
 D = Time resting spent in this place.
 E = Time spent auto-exploring this place.
 F = Levels seen in this place.
 G = Mean time per level.
                   A        B        C        D        E       F      G
               +--------+--------+--------+--------+--------+-----+--------+
         Total |    152 |    152 |      0 |      0 |     22 |   1 |  152.0 |
       Dungeon |    152 |    152 |      0 |      0 |     22 |   1 |  152.0 |
               +--------+--------+--------+--------+--------+-----+--------+

Top non-repeatable levels by time:
     D:1: 152 daAuts
